[Event "41st Amateur D7"]
[Site "ChessGUI4"]
[Date "2013.07.05"]
[Round "7.2"]
[White "MadChess 1.2"]
[Black "ChessKiss 1.7 64-bit"]
[Result "0-1"]
[BlackElo "2214"]
[ECO "A80"]
[EventDate "2013.??.??"]
[TimeControl "40/1500:40/1500:40/1500"]
[WhiteElo "2200"]

{ i5 Quad } 1.d4 f5 2.Nf3 Nf6 3.g3 g6 4.Bg2 Bg7 5.c3 O-O 6.Bg5 c6 7.Nbd2 d5 8.Ne5 Nbd7 9.Nd3 h6
{ [%eval -3,13] [%emt 0:00: 43] (h6) } 10.Bxf6
{ [%eval 21,12] [%emt 0:00:43] (Bf4) } 10...Nxf6
{ [%eval -2,14] [%emt 0:00:40] (Nxf6) } 11.Qb3
{ [%eval 33,11] [%emt 0:00:42] (O-O) } 11...Kh7
{ [%eval 26,13] [%emt 0:00:40] (g5) } 12.f3
{ [%eval 13,10] [%emt 0:00:29] (O-O) } 12...Nd7
{ [%eval 42,13] [%emt 0:00:40] (Nh5) } 13.O-O
{ [%eval 14,11] [%emt 0:00:48] (O-O) } 13...e5
{ [%eval 40,12] [%emt 0:00:38] (e5) } 14.e3
{ [%eval 29,11] [%emt 0:00: 48] (e3) } 14...b6
{ [%eval 37,12] [%emt 0:00:37] (b6) } 15.f4
{ [%eval -1,10] [%emt 0: 00:24] (f4) } 15...Ba6
{ [%eval 30,13] [%emt 0:00:40] (Ba6) } 16.Nxe5
{ [%eval 25,11] [%emt 0:00:18] (Nxe5) } 16...Bxf1
{ [%eval 32,13] [%emt 0:00:35] (Bxf1) } 17.Nxc6
{ [%eval 16,12] [%emt 0:00:31] (Rxf1) } 17...Qc8
{ [%eval 67,14] [%emt 0:00:33] (Bc4) } 18.Rxf1
{ [%eval 70,13] [%emt 0:00:41] (Rxf1) } 18...Qxc6
{ [%eval 34,15] [%emt 0:00: 33] (Qxc6) } 19.Bxd5
{ [%eval 62,14] [%emt 0:01:08] (Bxd5) } 19...Qc8
{ [%eval 32,14] [%emt 0:00:31] (Qd6) } 20.Bxa8
{ [%eval 76,13] [%emt 0:00:34] (Bxa8) } 20...Qxa8
{ [%eval 18,14] [%emt 0:00:30] (Qxa8) } 21.Nc4
{ [%eval 62,12] [%emt 0:00:31] (Nf3) } 21...Qe4
{ [%eval 68,13] [%emt 0:00:30] (Nf6) } 22.Re1
{ [%eval 58,12] [%emt 0: 00:44] (Re1) } 22...Qd3
{ [%eval 53,14] [%emt 0:00:29] (Qe7) } 23.a4
{ [%eval 54,11] [%emt 0:00:34] (Ne5) } 23...Rd8
{ [%eval 90,13] [%emt 0:00:25] (Nf6) } 24.Qb5
{ [%eval 59,11] [%emt 0:00:31] (Ne5) } 24...Nf6
{ [%eval 47,13] [%emt 0:00:27] (Nf6) } 25.Na3
{ [%eval 24,12] [%emt 0:01:25] (Ne5) } 25...Qe4
{ [%eval 101,13] [%emt 0:00:26] (Qe4) } 26.Qe2
{ [%eval 48,11] [%emt 0:00:19] (Nc4) } 26...Qc6
{ [%eval 91,11] [%emt 0: 00:24] (a5) } 27.a5
{ [%eval 34,12] [%emt 0:00:41] (a5) } 27...bxa5
{ [%eval 84,12] [%emt 0:00:25] (Rc8) } 28.Nc4
{ [%eval 57,10] [%emt 0:00:28] (c4) } 28...Qa4
{ [%eval 126,12] [%emt 0:00:24] (Qa4) } 29.Ne5
{ [%eval 41,12] [%emt 0:00:41] (Na3) } 29...Rb8
{ [%eval 139,12] [%emt 0:00:24] (Qa2) } 30.h3
{ [%eval 19,11] [%emt 0:00:28] (Qg2) } 30...Qa2
{ [%eval 149,12] [%emt 0:00:23] (Qa2) } 31.Nd3
{ [%eval 11,12] [%emt 0:00:29] (Nd3) } 31...a4
{ [%eval 153,12] [%emt 0:00:22] (h5) } 32.g4
{ [%eval -23,12] [%emt 0:00:41] (Nb4) } 32...fxg4
{ [%eval 143,12] [%emt 0:00:21] (a3) } 33.hxg4
{ [%eval -26,14] [%emt 0:01:00] (hxg4) } 33...a3
{ [%eval 125,12] [%emt 0:00:21] (a3) } 34.bxa3
{ [%eval -34,15] [%emt 0:01:04] (bxa3) } 34...Qxa3
{ [%eval 120,12] [%emt 0: 00:21] (Qxe2) } 35.g5
{ [%eval -55,12] [%emt 0:00:57] (g5) } 35...hxg5
{ [%eval 116,11] [%emt 0:00:20] (hxg5) } 36.fxg5
{ [%eval -55,12] [%emt 0:00:29] (fxg5) } 36...Nh5
{ [%eval 215,11] [%emt 0:00:20] (Nh5) } 37.Nc5
{ [%eval -76,12] [%emt 0:00:45] (Nf4) } 37...Qxc3
{ [%eval 254,11] [%emt 0:00:19] (Qxc3) } 38.Ne4
{ [%eval -138,13] [%emt 0:01:35] (Ne4) } 38...Qc6
{ [%eval 285,11] [%emt 0:00:18] (Qb4) } 39.Qg2
{ [%eval -125,13] [%emt 0:01:30] (Qg2) } 39...Qc4
{ [%eval 289,11] [%emt 0:00:18] (Qc4) } 40.Nd2
{ [%eval -139,13] [%emt 0:00:32] (Qe2) } 40...Qd3
{ [%eval 350,12] [%emt 0:00: 17] (Qc3) } 41.Nf1
{ [%eval -213,14] [%emt 0:05:14] (Qe2) } 41...a5
{ [%eval 425,12] [%emt 0:00:59] (Re8) } 42.Qe2
{ [%eval -246,13] [%emt 0:01:06] (Rc1) } 42...Qf5
{ [%eval 514,14] [%emt 0:00:57] (Qf5) } 43.Qg2
{ [%eval -279,14] [%emt 0:00:59] (Qg2) } 43...a4
{ [%eval 521,13] [%emt 0:00:57] (Rb5) } 44.Re2
{ [%eval -298,14] [%emt 0:01:18] (Re2) } 44...Qa5
{ [%eval 567,13] [%emt 0:00:55] (a3) } 45.d5
{ [%eval -307, 10] [%emt 0:00:20] (Rc2) } 45...a3
{ [%eval 772,13] [%emt 0:00:53] (a3) } 46.Kh1
{ [%eval -512,12] [%emt 0:00:48] (Rd2) } 46...Rb2
{ [%eval 922,13] [%emt 0:00:51] (Bb2) } 47.Rxb2
{ [%eval -800,14] [%emt 0:00:41] (Rxb2) } 47...axb2
{ [%eval 1346,14] [%emt 0: 00:50] (Bxb2) } 48.Nd2
{ [%eval -885,14] [%emt 0:00:33] (Nd2) } 48...Be5
{ [%eval 1487, 13] [%emt 0:00:48] (Be5) } 49.Nb1
{ [%eval -1242,14] [%emt 0:00:27] (Qf2) } 0-1

[Event "41st Amateur D7"]
[Site "ChessGUI4"]
[Date "2013.07.05"]
[Round "7.3"]
[White "ProChess 1.02AD"]
[Black "FireFly 2.6.0 64-bit"]
[Result "1-0"]
[BlackElo "2258"]
[ECO "B92"]
[EventDate "2013.??.??"]
[TimeControl "40/1500:40/1500:40/1500"]
[WhiteElo "2244"]

{ i5 Quad } 1.e4 c5 2.Nf3 d6 3.d4 cxd4 4.Nxd4 Nf6 5.Nc3 a6 6.Be2 e5 7.Nb3 Be7 8.O-O O-O 9.Be3 Qc7 { [%eval -60,11] [%emt 0:00:57] (Be6) } 10.g4
{ [%eval 25,12] [%emt 0:01:45] (f4) } 10...Be6
{ [%eval -38,11] [%emt 0:00:56] (Be6) } 11.g5
{ [%eval 25,13] [%emt 0:02:01] (g5) } 11...Nfd7
{ [%eval -37,12] [%emt 0:00:56] (Nfd7) } 12.Bg4
{ [%eval 29,12] [%emt 0:00:44] (Bg4) } 12...Bc4
{ [%eval -37,12] [%emt 0:00:55] (Re8) } 13.Re1
{ [%eval 45,12] [%emt 0:00:48] (Re1) } 13...a5
{ [%eval -39,12] [%emt 0:00:54] (Bxb3) } 14.Nd2
{ [%eval 53, 11] [%emt 0:00:39] (Nd2) } 14...Be6
{ [%eval -50,12] [%emt 0:00:53] (Ba6) } 15.Bxe6
{ [%eval 95,14] [%emt 0:01:17] (Bxe6) } 15...fxe6
{ [%eval -58,12] [%emt 0:00:52] (fxe6) } 16.Qg4
{ [%eval 95,13] [%emt 0:00:56] (Qg4) } 16...Nc5
{ [%eval -82,12] [%emt 0:00: 52] (Nc5) } 17.Bxc5
{ [%eval 95,12] [%emt 0:01:32] (g6) } 17...Qxc5
{ [%eval -94,12] [%emt 0:00:42] (Qxc5) } 18.Qxe6+
{ [%eval 80,12] [%emt 0:01:42] (Qxe6) } 18...Rf7
{ [%eval -117,11] [%emt 0:00:42] (Rf7) } 19.Re3
{ [%eval 77,11] [%emt 0:00:36] (g6) } 19...Bxg5
{ [%eval -70,12] [%emt 0:00:41] (Bxg5) } 20.Rf3
{ [%eval 80,11] [%emt 0:00:24] (Rf3) } 20...Bf4
{ [%eval -88,12] [%emt 0:00:41] (Bf4) } 21.Nc4
{ [%eval 88, 11] [%emt 0:00:40] (Nc4) } 21...Nc6
{ [%eval -77,12] [%emt 0:00:41] (Nc6) } 22.Na4
{ [%eval 130,12] [%emt 0:01:00] (Nxd6) } 22...Qb4
{ [%eval -68,12] [%emt 0:00:40] (Qb4) } 23.c3
{ [%eval 130,12] [%emt 0:00:17] (Ra3) } 23...Qxa4
{ [%eval -39,13] [%emt 0:00: 40] (Qxa4) } 24.b3
{ [%eval 103,14] [%emt 0:01:56] (b3) } 24...Nd8
{ [%eval -52,13] [%emt 0:00:39] (Nd8) } 25.Qxf7+
{ [%eval 99,16] [%emt 0:00:25] (Qxf7) } 25...Nxf7
{ [%eval -70,13] [%emt 0:00:39] (Nxf7) } 26.bxa4
{ [%eval 110,15] [%emt 0:00:13] (bxa4) } 26...Ng5
{ [%eval -66,13] [%emt 0:00:31] (Ng5) } 27.Rd3
{ [%eval 103,14] [%emt 0:00:15] (Rd3) } 27...Nxe4
{ [%eval -80,12] [%emt 0:00:31] (Nxe4) } 28.Rad1
{ [%eval 112,13] [%emt 0:00:11] (Nxd6) } 28...Bxh2+
{ [%eval -75,12] [%emt 0:00:31] (h6) } 29.Kxh2
{ [%eval 217,15] [%emt 0:00:17] (Kxh2) } 29...Nxf2
{ [%eval -86,13] [%emt 0: 00:31] (Nxf2) } 30.Rxd6
{ [%eval 220,14] [%emt 0:00:13] (Rxd6) } 30...Nxd1
{ [%eval -148,13] [%emt 0:00:31] (Nxd1) } 31.Rxd1
{ [%eval 227,13] [%emt 0:00:11] (Rxd1) } 31...Rc8
{ [%eval -164,13] [%emt 0:00:31] (Rc8) } 32.Nxe5
{ [%eval 256,15] [%emt 0:00: 11] (Nxe5) } 32...Kf8
{ [%eval -165,13] [%emt 0:00:31] (Kf8) } 33.c4
{ [%eval 252,15] [%emt 0:00:11] (Kg3) } 33...Ke7
{ [%eval -245,14] [%emt 0:00:31] (Ke7) } 34.Rd5
{ [%eval 269,14] [%emt 0:00:15] (Rd5) } 34...Ke6
{ [%eval -266,13] [%emt 0:00:31] (Rf8) } 35.Rxa5
{ [%eval 288,14] [%emt 0:00:10] (Rxa5) } 35...Kf5
{ [%eval -293,13] [%emt 0: 00:31] (b6) } 36.Kg3
{ [%eval 304,14] [%emt 0:00:18] (Kg3) } 36...Ke4
{ [%eval -310,13] [%emt 0:00:31] (Ke4) } 37.Nf3
{ [%eval 309,13] [%emt 0:00:20] (Nf7) } 37...g6
{ [%eval -302,13] [%emt 0:00:31] (Rc7) } 38.Ra7
{ [%eval 333,13] [%emt 0:00:11] (Re5) } 38...Rc7
{ [%eval -378,14] [%emt 0:00:31] (Kf5) } 39.a5
{ [%eval 362,15] [%emt 0:00:10] (a5) } 39...Rc5
{ [%eval -413,15] [%emt 0:00:31] (Rc5) } 40.Rxb7
{ [%eval 356, 14] [%emt 0:00:06] (Rxb7) } 40...Rxa5
{ [%eval -376,14] [%emt 0:00:31] (Rxa5) } 41.Rxh7
{ [%eval 370,16] [%emt 0:00:54] (Rxh7) } 41...Rxa2
{ [%eval -436,14] [%emt 0:00: 36] (Rxa2) } 42.Rh4+
{ [%eval 374,16] [%emt 0:01:26] (Re7) } 42...Kf5
{ [%eval -362,13] [%emt 0:00:36] (Kf5) } 43.Rg4
{ [%eval 382,16] [%emt 0:01:00] (Rf4) } 43...Ra3
{ [%eval -405,14] [%emt 0:00:36] (Kf6) } 44.Rf4+
{ [%eval 389,18] [%emt 0:00:56] (Rg5) } 44...Ke6
{ [%eval -405,14] [%emt 0:00:00] (Ke6) } 45.Kg4 Ra2
{ [%eval -456,14] [%emt 0:00:37] (Ra2) } 46.Nh4
{ [%eval 425, 17] [%emt 0:00:44] (Kg5) } 46...Re2
{ [%eval -473,14] [%emt 0:00:37] (Ra1) } 47.Kg5
{ [%eval 439,15] [%emt 0:00:37] (Kg5) } 47...Kd6
{ [%eval -479,14] [%emt 0:00:37] (Re5) } 48.Nxg6
{ [%eval 447,16] [%emt 0:00:34] (Nxg6) } 48...Kc5
{ [%eval -494,13] [%emt 0: 00:37] (Kc5) } 49.Kf5
{ [%eval 451,16] [%emt 0:00:41] (Kf5) } 49...Rh2
{ [%eval -510, 13] [%emt 0:00:37] (Rd2) } 50.Ne5
{ [%eval 456,18] [%emt 0:00:41] (Nf8) } 50...Rd2
{ [%eval -516,13] [%emt 0:00:37] (Rh5) } 51.Rf1
{ [%eval 461,15] [%emt 0:00:34] (Ke6) } 51...Kd6 52.Ra1
{ [%eval 475,17] [%emt 0:00: 47] (Ra1) } 52...Rc2
{ [%eval -560,12] [%emt 0:00:37] (Rf2) } 53.Rd1+
{ [%eval 494,18] [%emt 0:00:35] (Rd1) } 53...Kc7
{ [%eval -595,12] [%emt 0:00:37] (Kc7) } 54.Rd5
{ [%eval 502,17] [%emt 0:00:30] (Rd7) } 54...Rf2+
{ [%eval -631,14] [%emt 0:00:37] (Rf2) } 55.Ke4
{ [%eval 502,17] [%emt 0:00:33] (Ke6) } 1-0

[Event "41st Amateur D7"]
[Site "ChessGUI4"]
[Date "2013.07.05"]
[Round "7.4"]
[White "Waxman 2011"]
[Black "Tigran 2.3 64-bit"]
[Result "0-1"]
[BlackElo "2289"]
[ECO "E15"]
[EventDate "2013.??.??"]
[TimeControl "40/1500:40/1500:40/1500"]
[WhiteElo "2256"]

{ i5 Quad } 1.d4 Nf6 2.c4 e6 3.Nf3 b6 4.g3 Ba6 5.b3 Bb4+ 6.Bd2 Be7 7.Bg2 c6 8.O-O d5 9.Bf4 Nbd7 { [%eval -15,13] [%emt 0:00: 42] (O-O) } 10.Ne5
{ [%eval -14,12] [%emt 0:01:11] (Nbd2) } 10...Nxe5
{ [%eval 18,14] [%emt 0:00:39] (Nxe5) } 11.Bxe5
{ [%eval -14,12] [%emt 0:00:43] (Bxe5) } 11...O-O
{ [%eval 8,13] [%emt 0:00:42] (O-O) } 12.Qd3
{ [%eval -23,11] [%emt 0:00:30] (Nc3) } 12...Ng4
{ [%eval 48,14] [%emt 0:00:42] (Ng4) } 13.Bf4
{ [%eval -47,12] [%emt 0:01: 20] (Bf4) } 13...dxc4
{ [%eval 44,14] [%emt 0:00:42] (Bf6) } 14.bxc4
{ [%eval -69,12] [%emt 0:01:06] (bxc4) } 14...Bf6
{ [%eval 38,13] [%emt 0:00:41] (Bf6) } 15.Rd1
{ [%eval -19,11] [%emt 0:00:33] (Rd1) } 15...e5
{ [%eval 43,13] [%emt 0:00:43] (e5) } 16.Bf3
{ [%eval -76,12] [%emt 0:00:38] (dxe5) } 16...Nxf2
{ [%eval 114,14] [%emt 0:00:43] (exf4) } 17.Kxf2
{ [%eval -80,11] [%emt 0:00:14] (Kxf2) } 17...exf4
{ [%eval 122,13] [%emt 0:00:42] (exf4) } 18.gxf4
{ [%eval -117,11] [%emt 0:00:40] (gxf4) } 18...Qd7
{ [%eval 119,12] [%emt 0:00:44] (c5) } 19.Kg2
{ [%eval -92,11] [%emt 0:00:40] (e3) } 19...Rad8
{ [%eval 112,13] [%emt 0:00:44] (Rfe8) } 20.e3
{ [%eval -118,12] [%emt 0: 00:38] (e3) } 20...Rfe8
{ [%eval 112,13] [%emt 0:00:44] (Qe6) } 21.Nd2
{ [%eval -135, 12] [%emt 0:00:40] (Nc3) } 21...Bc8
{ [%eval 149,13] [%emt 0:00:44] (Qe6) } 22.Kh1
{ [%eval -132,12] [%emt 0:00:38] (Kh1) } 22...Qh3
{ [%eval 133,13] [%emt 0:00:35] (Qh3) } 23.Rac1
{ [%eval -145,12] [%emt 0:00:41] (Rac1) } 23...Bf5
{ [%eval 145,12] [%emt 0: 00:45] (Bf5) } 24.Qb3
{ [%eval -143,12] [%emt 0:00:38] (Qb3) } 24...Bh4
{ [%eval 154, 12] [%emt 0:00:45] (Bh4) } 25.Bg2
{ [%eval -150,12] [%emt 0:00:40] (Bg2) } 25...Qxe3
{ [%eval 190,13] [%emt 0:00:39] (Qxe3) } 26.Bxc6
{ [%eval -174,11] [%emt 0:00:14] (Bxc6) } 26...Rxd4
{ [%eval 188,12] [%emt 0:00:46] (Qf2) } 27.Nf3
{ [%eval -172,11] [%emt 0:00:43] (Nf3) } 27...Rxd1+
{ [%eval 279,13] [%emt 0:00:46] (Rxd1) } 28.Rxd1
{ [%eval -266,12] [%emt 0:00:27] (Rxd1) } 28...Qe2
{ [%eval 267,14] [%emt 0:00:47] (Qe2) } 29.Nd4
{ [%eval -233,12] [%emt 0:00:47] (Nd4) } 29...Be4+
{ [%eval 266,15] [%emt 0: 00:43] (Be4) } 30.Bxe4
{ [%eval -228,14] [%emt 0:00:10] (Bxe4) } 30...Qxe4+
{ [%eval 267,16] [%emt 0:00:48] (Qxe4) } 31.Qf3
{ [%eval -260,16] [%emt 0:00:51] (Qf3) } 31...Bf6
{ [%eval 250,16] [%emt 0:00:48] (Bf6) } 32.Qxe4
{ [%eval -251,15] [%emt 0:00: 15] (Qxe4) } 32...Rxe4
{ [%eval 254,16] [%emt 0:00:49] (Rxe4) } 33.Nc6
{ [%eval -269, 15] [%emt 0:01:16] (Nb5) } 33...Rxf4
{ [%eval 257,15] [%emt 0:00:50] (Rxf4) } 34.Rc1
{ [%eval -274,15] [%emt 0:01:06] (Rc1) } 34...Rf2
{ [%eval 259,15] [%emt 0:00:44] (Rf2) } 35.a4
{ [%eval -275,15] [%emt 0:00:51] (a3) } 35...Bg5
{ [%eval 275,15] [%emt 0:00:44] (h6) } 36.Re1
{ [%eval -279,14] [%emt 0:00:35] (Re1) } 36...h6
{ [%eval 276,14] [%emt 0:00:54] (Kf8) } 37.Nxa7
{ [%eval -280,16] [%emt 0:00:46] (a5) } 37...Bf4
{ [%eval 288, 16] [%emt 0:00:43] (Bf4) } 38.Re4
{ [%eval -280,16] [%emt 0:00:41] (Nc8) } 38...Rxh2+
{ [%eval 282,15] [%emt 0:01:01] (Rxh2) } 39.Kg1
{ [%eval -289,3] [%emt 0:00:00] (Kg1) } 39...Bg3
{ [%eval 287,15] [%emt 0:01:00] (Bc7) } 40.Rg4
{ [%eval -280,16] [%emt 0:00:31] (Re8) } 40...Bd6
{ [%eval 306,16] [%emt 0:01:15] (Bc7) } 41.Nc8
{ [%eval -273,16] [%emt 0:00:29] (Rd4) } 41...Rd2
{ [%eval 304,16] [%emt 0:00:34] (Rd2) } 42.Nxd6
{ [%eval -283,16] [%emt 0:00:25] (Nxd6) } 42...Rxd6
{ [%eval 325,16] [%emt 0: 00:31] (Rxd6) } 43.Re4
{ [%eval -294,17] [%emt 0:00:33] (Kh2) } 43...Rd1+
{ [%eval 336, 17] [%emt 0:00:34] (Rd1) } 44.Kf2
{ [%eval -287,17] [%emt 0:00:29] (Kf2) } 44...Kf8
{ [%eval 336,17] [%emt 0:00:34] (Kf8) } 45.c5
{ [%eval -308,17] [%emt 0:00:57] (Re5) } 45...bxc5
{ [%eval 355,15] [%emt 0:00:34] (bxc5) } 46.Ke2
{ [%eval -323,18] [%emt 0:00:52] (Ke2) } 46...Ra1
{ [%eval 360,16] [%emt 0:00:34] (Rd6) } 47.Kd2
{ [%eval -304,17] [%emt 0:00:36] (Kd3) } 47...g5
{ [%eval 385,15] [%emt 0:00:33] (g5) } 48.Kc2
{ [%eval -342,16] [%emt 0:00:33] (Rc4) } 48...f5
{ [%eval 395,16] [%emt 0:00: 34] (f5) } 49.Re5
{ [%eval -358,17] [%emt 0:00:27] (Rc4) } 49...f4
{ [%eval 431,15] [%emt 0:00:28] (f4) } 50.Kb3
{ [%eval -356,17] [%emt 0:00:54] (Kb3) } 50...c4+
{ [%eval 437,15] [%emt 0:00:29] (Rb1) } 51.Kb4
{ [%eval -385,17] [%emt 0:00:41] (Kb4) } 51...Kg7
{ [%eval 446,16] [%emt 0:00:28] (c3) } 52.Rf5
{ [%eval -406,16] [%emt 0:00:37] (Rf5) } 52...c3
{ [%eval 504,17] [%emt 0:00:33] (c3) } 53.Kxc3
{ [%eval -493, 18] [%emt 0:01:17] (Kb3) } 53...Rxa4
{ [%eval 516,15] [%emt 0:00:36] (Rxa4) } 54.Rb5
{ [%eval -526,13] [%emt 0:00:27] (Kb3) } 54...f3
{ [%eval 539,15] [%emt 0:00:36] (Ra7) } 0-1

[Event "41st Amateur D7"]
[Site "ChessGUI4"]
[Date "2013.07.05"]
[Round "7.5"]
[White "Gibbon 2.57a 64-bit"]
[Black "Butcher 1.64 64-bit"]
[Result "1-0"]
[BlackElo "2355"]
[ECO "E81"]
[EventDate "2013.??.??"]
[TimeControl "40/1500:40/1500:40/1500"]
[WhiteElo "2251"]

{ i5 Quad } 1.d4 d6 2.e4 Nf6 3.f3 c5 4.d5 g6 5.c4 Bg7 6.Nc3 O-O 7.Bg5 e6 8.Qd2 exd5 9.Nxd5 Be6 { [%eval 59,11] [%emt 0:01: 06] (Be6) } 10.Nf4
{ [%eval 15,13] [%emt 0:01:40] (O-O-O) } 10...Bc8
{ [%eval 61,11] [%emt 0:00:50] (Bd7) } 11.Nfe2
{ [%eval 14,12] [%emt 0:00:23] (Nd5) } 11...Qb6
{ [%eval 25,12] [%emt 0:00:59] (Be6) } 12.Nc3
{ [%eval 27,12] [%emt 0:00:30] (O-O-O) } 12...Nc6
{ [%eval 27,11] [%emt 0:00:51] (Nc6) } 13.O-O-O
{ [%eval 18,12] [%emt 0:00:52] (O-O-O) } 13...Be6
{ [%eval 23,11] [%emt 0:01:05] (Qa5) } 14.Kb1
{ [%eval 12,9] [%emt 0:00:26] (Qxd6) } 14...Ne5
{ [%eval -19,11] [%emt 0:01:04] (Rfc8) } 15.Qxd6
{ [%eval 27,13] [%emt 0:00:47] (Bxf6) } 15...Nxc4
{ [%eval 8,11] [%emt 0:01: 03] (Nxc4) } 16.Bxc4
{ [%eval 30,13] [%emt 0:00:25] (Qxb6) } 16...Bxc4
{ [%eval 34,12] [%emt 0:01:31] (Bxc4) } 17.Nge2
{ [%eval 32,13] [%emt 0:00:51] (Qxb6) } 17...h6
{ [%eval -11,11] [%emt 0:00:59] (Rfe8) } 18.Be3
{ [%eval 18,12] [%emt 0:00:28] (Bxf6) } 18...Rfd8
{ [%eval -40,11] [%emt 0:00:57] (Rfc8) } 19.Qxc5
{ [%eval 57,13] [%emt 0:00:41] (Qxb6) } 19...Bd3+
{ [%eval -41,10] [%emt 0:00:55] (Qa6) } 20.Ka1
{ [%eval 36,13] [%emt 0:00:16] (Rxd3) } 20...Qa6
{ [%eval -22,11] [%emt 0:00:48] (Qa6) } 21.Nc1
{ [%eval 43,12] [%emt 0:00:32] (Nc1) } 21...Rdc8
{ [%eval -38,11] [%emt 0:00: 47] (b6) } 22.Qb4
{ [%eval 72,13] [%emt 0:00:32] (Qb4) } 22...Bc4
{ [%eval -26,10] [%emt 0:00:47] (Bf8) } 23.Qa4
{ [%eval 74,12] [%emt 0:00:34] (Bd4) } 23...Qe6
{ [%eval -9,11] [%emt 0:00:47] (Qe6) } 24.Nd3
{ [%eval 77,11] [%emt 0:00:15] (Nb3) } 24...Bf8
{ [%eval -26,10] [%emt 0:00:45] (b6) } 25.Rd2
{ [%eval 73,10] [%emt 0:00: 19] (Bd4) } 25...a5
{ [%eval -6,10] [%emt 0:00:45] (Rc6) } 26.Rc1
{ [%eval 69,11] [%emt 0:00:16] (Rc1) } 26...g5
{ [%eval -18,9] [%emt 0:00:44] (b5) } 27.Qd1
{ [%eval 81,11] [%emt 0:00:18] (g3) } 27...b5
{ [%eval 8,9] [%emt 0:00:37] (b5) } 28.b3
{ [%eval 82,11] [%emt 0:00:25] (Ne2) } 28...Bxd3
{ [%eval 13,10] [%emt 0:00:43] (Bxd3) } 29.Rxd3
{ [%eval 89,11] [%emt 0:00:14] (Rxd3) } 29...Ba3
{ [%eval 21,10] [%emt 0:00: 39] (Bg7) } 30.Rc2
{ [%eval 75,11] [%emt 0:00:10] (Rc2) } 30...Qc6
{ [%eval 53,10] [%emt 0:00:37] (Qa6) } 31.Kb1
{ [%eval 108,11] [%emt 0:00:14] (Kb1) } 31...Qb7
{ [%eval 90,10] [%emt 0:00:34] (Qe8) } 32.h4
{ [%eval 153,12] [%emt 0:00:13] (h4) } 32...gxh4
{ [%eval 156,11] [%emt 0:00:41] (gxh4) } 33.Bxh6
{ [%eval 204,12] [%emt 0: 00:15] (Bxh6) } 33...Be7
{ [%eval 196,10] [%emt 0:00:36] (b4) } 34.Qd2
{ [%eval 252,13] [%emt 0:00:25] (Bg5) } 34...Kh7
{ [%eval 262,10] [%emt 0:00:34] (Kh7) } 35.Qg5
{ [%eval 263,12] [%emt 0:00:11] (Bg5) } 35...Ne8
{ [%eval 284,11] [%emt 0:00:30] (Ne8) } 36.Qh5
{ [%eval 294,11] [%emt 0:00:19] (Qh5) } 36...Kg8
{ [%eval 316,10] [%emt 0:00: 29] (Kg8) } 37.Qg4+
{ [%eval 325,12] [%emt 0:00:19] (Qg4) } 37...Kh7
{ [%eval 376,10] [%emt 0:00:27] (Kh8) } 38.Bg5
{ [%eval 318,12] [%emt 0:00:31] (Bg5) } 38...Bxg5
{ [%eval 365,9] [%emt 0:00:24] (Bxg5) } 39.Qxg5
{ [%eval 328,11] [%emt 0:00:02] (Qxg5) } 39...Ra6
{ [%eval 376,10] [%emt 0:00:20] (Ra6) } 40.Qf5+
{ [%eval 326,11] [%emt 0:00:07] (Qf5) } 40...Rg6
{ [%eval 388,11] [%emt 0:00:13] (Rg6) } 41.Rd7
{ [%eval 342,14] [%emt 0:01:09] (Rd7) } 41...Qc6
{ [%eval 416,12] [%emt 0:00:49] (Qc6) } 42.Qxf7+
{ [%eval 371,14] [%emt 0:01:53] (Qxf7) } 42...Ng7
{ [%eval 446,12] [%emt 0: 00:49] (Ng7) } 43.Rc1
{ [%eval 374,14] [%emt 0:00:57] (Rc1) } 43...Rf8
{ [%eval 441,12] [%emt 0:00:47] (Rf8) } 44.Qxf8
{ [%eval 384,14] [%emt 0:00:38] (Qxf8) } 44...Qxd7
{ [%eval 473,13] [%emt 0:00:48] (Qxd7) } 45.Nd5
{ [%eval 391,14] [%emt 0:01:13] (Nd5) } 45...Qd6
{ [%eval 478,13] [%emt 0:00:48] (Qd6) } 46.Qxd6
{ [%eval 427,15] [%emt 0:00:38] (Qxd6) } 46...Rxd6
{ [%eval 484,14] [%emt 0:00:52] (Rxd6) } 47.Rc7
{ [%eval 394,15] [%emt 0:00:18] (Rh1) } 47...Rg6
{ [%eval 435,13] [%emt 0:00:49] (Rg6) } 48.Nf4
{ [%eval 417,17] [%emt 0:00:26] (Nf4) } 48...Rg5
{ [%eval 445,13] [%emt 0:00: 51] (Rg3) } 49.Rc1
{ [%eval 450,17] [%emt 0:00:47] (a3) } 49...Nh5
{ [%eval 422,14] [%emt 0:00:51] (Kg8) } 50.Nxh5
{ [%eval 498,16] [%emt 0:00:19] (Nxh5) } 50...Rxh5
{ [%eval 383,13] [%emt 0:00:50] (Rxh5) } 51.f4
{ [%eval 480,17] [%emt 0:00:34] (Rh1) } 51...h3
{ [%eval 428,13] [%emt 0:00:49] (Rh6) } 52.gxh3
{ [%eval 496,18] [%emt 0:00:54] (Rh1) } 52...Rxh3
{ [%eval 403,14] [%emt 0:00:48] (b4) } 53.Rc5
{ [%eval 520, 18] [%emt 0:00:25] (Rc5) } 53...Rh4
{ [%eval 397,14] [%emt 0:00:44] (b4) } 54.Rxb5
{ [%eval 632,19] [%emt 0:00:25] (Rf5) } 54...Rxf4
{ [%eval 428,14] [%emt 0:00:41] (Rxf4) } 55.Rxa5
{ [%eval 632,18] [%emt 0:00:06] (Rxa5) } 55...Rxe4
{ [%eval 434,14] [%emt 0: 00:40] (Rxe4) } 56.Kb2
{ [%eval 652,19] [%emt 0:00:55] (a4) } 56...Re2+
{ [%eval 442, 14] [%emt 0:00:40] (Kg6) } 57.Kc3
{ [%eval 673,19] [%emt 0:00:41] (Kc3) } 57...Re3+
{ [%eval 445,13] [%emt 0:00:40] (Kg6) } 58.Kd4
{ [%eval 722,18] [%emt 0:00:22] (Kd4) } 58...Rf3
{ [%eval 470,13] [%emt 0:00:37] (Rg3) } 59.b4
{ [%eval 774,18] [%emt 0:00:23] (Re5) } 59...Rf4+
{ [%eval 466,14] [%emt 0:00:32] (Kg6) } 60.Kc5
{ [%eval 774, 19] [%emt 0:00:28] (Kc3) } 60...Rf5+
{ [%eval 473,14] [%emt 0:00:39] (Rf5) } 61.Kd6
{ [%eval 795,20] [%emt 0:01:15] (Kd6) } 61...Rf6+
{ [%eval 480,14] [%emt 0:00:32] (Rf6) } 62.Ke7
{ [%eval 795,19] [%emt 0:01:18] (Ke5) } 62...Rf1
{ [%eval 509,13] [%emt 0:00: 38] (Kg6) } 63.b5
{ [%eval 844,19] [%emt 0:00:33] (b5) } 63...Rb1
{ [%eval 535,13] [%emt 0:00:33] (Rb1) } 64.Kd6
{ [%eval 854,19] [%emt 0:00:17] (Kd7) } 64...Kg7
{ [%eval 605,14] [%emt 0:00:37] (Kg6) } 65.a4
{ [%eval 964,18] [%emt 0:00:20] (Kc7) } 65...Kf6
{ [%eval 651,14] [%emt 0:00:55] (Kf6) } 66.Kc7
{ [%eval 1136,19] [%emt 0:00:27] (Kc7) } 66...Rc1+
{ [%eval 722,14] [%emt 0:00:34] (Rc1) } 67.Kb8
{ [%eval 1163,19] [%emt 0:00:51] (Kb8) } 67...Rb1
{ [%eval 865,16] [%emt 0:00:48] (Rb1) } 68.Ka7
{ [%eval 1216,18] [%emt 0:00:31] (Ra8) } 68...Ra1
{ [%eval 1,1] [%emt 0:00:00] (Ke5) } 69.b6 Ra2 { [%eval 1,1] [%emt 0:00:00] (Rc1) } 70.b7 Ra3
{ [%eval 1,1] [%emt 0:00: 00] (Rb2) } 71.b8=Q Rxa4
{ [%eval 1,1] [%emt 0:00:00] (Rd3) } 1-0